 Dungeon Crawl Stone Soup version 0.21-a0-496-g696f58f (webtiles) character file.

609 namelastname112 the Conjurer (level 7, 0/46 HPs)
             Began as a Demonspawn Conjurer on Nov 23, 2017.
             Slain by Pikel
             ... wielding a +2 whip of freezing
              (1 damage)
             ... on level 4 of the Dungeon.
             The game lasted 00:07:08 (4536 turns).

namelastname112 the Conjurer (Demonspawn Conjurer)  Turns: 4536, Time: 00:07:09

Health: 0/46       AC:  2    Str:  8    XL:     7   Next: 19%
Magic:  1/15       EV: 12    Int: 21    God:
Gold:   169        SH:  5    Dex: 14    Spells: 9/16 levels left

rFire    . . .     SeeInvis .   h - +0 dagger
rCold    + . .     Gourm    .   (no shield)
rNeg     . . .     Faith    .   a - +0 robe
rPois    .         Spirit   .   (helmet restricted)
rElec    .         Reflect  +   (no cloak)
rCorr    .         Harm     .   (no gloves)
MR       +....                  (no boots)
Stlth    ++........             s - +5 amulet of reflection
HPRegen  0.15/turn              g - ring of protection from magic
MPRegen  0.14/turn              r - +3 ring of intelligence

@: no status effects
A: horns 1, cold resistance 1, rot immunity
a: no special abilities


You were on level 4 of the Dungeon.
You were not hungry.

You visited 1 branch of the dungeon, and saw 4 of its levels.

You collected 169 gold pieces.

Inventory:

Hand Weapons
 h - a +0 dagger (weapon)
Armour
 a - a +0 robe (worn)
Jewellery
 g - a ring of protection from magic (left hand)
 r - a +3 ring of intelligence (right hand)
 s - a +5 amulet of reflection (around neck)
Scrolls
 i - 3 scrolls of remove curse
 j - 2 scrolls of fog
 m - a scroll of identify
 q - a scroll of teleportation
Potions
 d - 4 potions of lignification
 e - a potion of might
 k - a potion of cancellation
 l - 2 potions of agility {unknown}
 n - a potion of haste {unknown}
 p - 2 potions of magic {unknown}
 t - a potion of flight
 u - a potion of heal wounds {unknown}
Books
 b - a book of Conjurations

   Spells                             Type                      Level
   a - Magic Dart                     Conjuration                  1
   b - Searing Ray                    Conjuration                  2
   c - Dazzling Spray                 Conjuration/Hexes            3
   d - Fulminant Prism                Conjuration/Hexes            4
   e - Force Lance                    Conjuration/Translocation    4
   f - Iskenderun's Mystic Blast      Conjuration                  4
Comestibles
 c - 5 bread rations
 f - a meat ration
 o - 3 fruits


   Skills:
 - Level 1.7 Dodging
 - Level 1.7 Stealth
 + Level 5.3 Spellcasting
 + Level 6.8 Conjurations


You had 9 spell levels left.
You knew the following spells:

 Your Spells              Type           Power        Failure   Level  Hunger
c - Iskenderun's Mystic   Conj           ####....     6%          4    ####...
x - Searing Ray           Conj           ####..       1%          2    None
z - Magic Dart            Conj           ####         1%          1    None


Dungeon Overview and Level Annotations

Branches:
Dungeon (4/15)
 Temple: D:4-7

Altars:

Annotations:
D:4 Pikel


Innate Abilities, Weirdness & Mutations

You have a pair of small horns on your head.
Your flesh is cold resistant. (rC+)
You are immune to rotting.


Message History

Pikel hits you with a whip of freezing!
* * * LOW HITPOINT WARNING * * *
Pikel freezes you.
* * * LOW HITPOINT WARNING * * *
You take 10 damage, and have 9/46 hp.
MASSIVE DAMAGE!!
Casting: Searing Ray
Confirm with . or Enter, or press ? or * to list all spells.
Aiming: Searing Ray
Press: ? - help, Shift-Dir - straight line, f/p - Pikel
Aim: Pikel, wielding a whip of freezing and wearing a robe (almost dead)
The searing ray hits Pikel.
Pikel is almost dead. (Press . to maintain the ray.)
You now have 2/15 mp.
The searing ray hits Pikel.
Pikel is almost dead.
Pikel hits you with a whip of freezing!
* * * LOW HITPOINT WARNING * * *
Pikel freezes you.
You die...

.................................
...####..........................
.## #..........................
#..........................
##.........................
##.....>.......)...........
##..........................
####....#......................
.......#...###@................
..........### #K####............
##...#....# #p.######...>....#
#...###.## #p...#####....### #..#
#.p# ##.##...###...## #.. ##.#
#..###.......## # #p#
##.#####.......## ##
#.###...............###.
##..#...........#####.#..


You could see Pikel and 2 slaves.

Vanquished Creatures
  The ghost of Ijustatesigmund the Skirmisher, an amateur OpAr of Okawaru (D:3)
  Menkaure (D:4)
  2 slaves (D:4)
  A scorpion (D:4)
  2 bullfrog skeletons
  2 worker ants (D:4)
  7 adders
  An ooze (D:3)
  A worm (D:2)
  2 dart slugs
  A leopard gecko (D:1)
  7 orcs
  3 giant cockroaches
  9 goblins
  8 hobgoblins
  10 jackals
  3 kobolds
  2 quokkas
  2 ball pythons (D:2)
  4 bats
  3 frilled lizards
  8 rats
80 creatures vanquished.

Notes
Turn   | Place    | Note
-------+----------+-------------------------------------------
     0 | D:1      | namelastname112 the Demonspawn Conjurer began the quest for the Orb.
     0 | D:1      | Reached XP level 1. HP: 13/13 MP: 3/3
   518 | D:1      | Gained mutation: You are immune to rotting. [demonic ancestry]
   518 | D:1      | Reached XP level 2. HP: 9/19 MP: 0/5
  1229 | D:1      | Learned a level 2 spell: Searing Ray
  1369 | D:2      | Reached XP level 3. HP: 24/24 MP: 1/7
  2008 | D:2      | Reached XP level 4. HP: 30/30 MP: 4/8
  2280 | D:3      | Reached skill level 5 in Conjurations
  2289 | D:3      | Noticed Ijustatesigmund's ghost (amateur OpAr)
  2818 | D:3      | Gained mutation: Your flesh is cold resistant. (rC+) [demonic ancestry]
  2818 | D:3      | Reached XP level 5. HP: 23/35 MP: 2/10
  3408 | D:4      | Noticed Pikel
  3408 | D:4      | Noticed a slave
  3408 | D:4      | Noticed a slave
  3410 | D:4      | Noticed a slave
  3439 | D:3      | Killed Ijustatesigmund's ghost
  3439 | D:3      | Reached skill level 6 in Conjurations
  3439 | D:3      | Reached XP level 6. HP: 23/41 MP: 0/12
  3616 | D:4      | Noticed a slave
  3730 | D:4      | Learned a level 4 spell: Iskenderun's Mystic Blast
  3978 | D:4      | Noticed Menkaure
  3990 | D:4      | Killed Menkaure
  3990 | D:4      | Reached skill level 5 in Spellcasting
  3990 | D:4      | Gained mutation: You have a pair of small horns on your head. [demonic ancestry]
  3990 | D:4      | Reached XP level 7. HP: 46/46 MP: 7/14
  4536 | D:4      | HP: 1/46 [Pikel/whip of freezing (10)]
  4536 | D:4      | Slain by Pikel

Vault maps used:
D:1:      tarquinn_simple_flora_water_e, minmay_tetromino_t4
D:2:      columned_hall_lemuel, grunt_ministairs_8
D:4:      first_bread, uniq_pikel, uniq_menkaure, uniq_crazy_yiuf_cottage

Skill      XL: |  1  2  3  4  5  6 |
---------------+-------------------+-----
Spellcasting   | 3 4 5 |  5.3
Conjurations   | 5 6 |  6.8
Dodging        | |  1.7
Stealth        | |  1.7

Action                   |  1- 3 |  4- 6 |  7- 9 || total
-------------------------+-------+-------+-------++-------
Melee: Unarmed           |     1 |       |       ||     1
       Dagger            |     4 |    31 |     2 ||    37
       Headbutt          |       |       |     1 ||     1
 Cast: Magic Dart        |    77 |    81 |    40 ||   198
       Searing Ray       |       |     6 |     7 ||    13
  Use: Scroll            |       |    11 |       ||    11
  Eat: Chunk             |     4 |     4 |       ||     8
       Meat ration       |       |     1 |       ||     1
Armor: Robe              |     6 |     8 |     1 ||    15
Dodge: Dodged            |    29 |    25 |     9 ||    63
Block: Other             |       |    11 |     6 ||    17

Table legend:
 A = Spawn XP
 B = Non-spawn XP
 C = Spawn XP percentage of total XP
 D = Spawn monster count
 E = Non-spawn monster count
 F = Spawn count percentage of total count
 G = Total turns spent on level
                    A         B        C        D         E        F      G
               +---------+---------+-------+---------+---------+-------+---------
         Total |       0 |     870 |   0.0 |       0 |      78 |   0.0 |  4536
               +---------+---------+-------+---------+---------+-------+---------
           D:1 |       0 |      26 |   0.0 |       0 |      15 |   0.0 |   850
           D:2 |       0 |      79 |   0.0 |       0 |      25 |   0.0 |  1555
           D:3 |       0 |     402 |   0.0 |       0 |      26 |   0.0 |  1264
           D:4 |       0 |     363 |   0.0 |       0 |      12 |   0.0 |   867
               +---------+---------+-------+---------+---------+-------+---------
